 Dungeon Crawl Stone Soup version 0.23.2-1-ga50397a6bc (webtiles) character file.

Game seed: 10112816785961753152

112 Mrkan the Poker (level 4, -13/29 HPs)
             Began as a Tengu Monk on May 19, 2019.
             Was a Believer of Trog.
             Mangled by an ogre
             ... wielding a +0 giant spiked club
              (25 damage)
             ... on level 4 of the Dungeon.
             The game lasted 00:03:34 (2098 turns).

Mrkan the Poker (Tengu Monk)                        Turns: 2098, Time: 00:03:35

Health: -13/29     AC: 10    Str: 13    XL:     4   Next: 95%
Magic:  5/5        EV:  4    Int: 10    God:    Trog [**....]
Gold:   168        SH:  0    Dex: 16    Spells: 3/3 levels left

rFire    . . .     SeeInvis .   a - +0 spear
rCold    . . .     Gourm    .   (no shield)
rNeg     . . .     Faith    .   j - +0 plate armour
rPois    .         Spirit   .   (helmet restricted)
rElec    .         Reflect  .   (no cloak)
rCorr    .         Harm     .   (no gloves)
MR       .....                  (boots unavailable)
Stlth    ..........             (no amulet)
HPRegen  0.09/turn              (no ring)
MPRegen  0.09/turn              (no ring)

@: no status effects
A: beak, talons 3
a: Berserk, Trog's Hand, Renounce Religion


You were on level 4 of the Dungeon.
You worshipped Trog.
Trog was pleased with you.
You were not hungry.

You visited 1 branch of the dungeon, and saw 4 of its levels.

You collected 168 gold pieces.

Inventory:

Hand Weapons
 a - a +0 spear (weapon)
Armour
 b - a +0 robe
 j - a +0 plate armour (worn)
Jewellery
 p - an uncursed ring of resist corrosion {unknown}
Wands
 m - a wand of polymorph (8)
Scrolls
 d - a scroll of random uselessness {unknown}
 e - 2 scrolls of teleportation {unknown}
 g - 2 scrolls of immolation {unknown}
 h - 5 scrolls of identify {unknown}
 i - a scroll of enchant armour {unknown}
 o - 2 scrolls of amnesia {unknown}
 q - a scroll of enchant weapon {unknown}
Potions
 f - a potion of magic {unknown}
 k - a potion of mutation {unknown}
 l - a potion of brilliance {unknown}
 n - a potion of flight {unknown}
Comestibles
 c - 6 rations


   Skills:
 + Level 3.7 Fighting
 * Level 4.9 Polearms
 + Level 4.0 Dodging
 - Level 2.0 Stealth


You had 3 spell levels left.
You didn't know any spells.
Your spell library was empty.

Dungeon Overview and Level Annotations

Branches:
Dungeon (4/15)
 Temple: D:4-7

Altars:
Dithmenos
Kikubaaqudgha
Ru
Trog


Innate Abilities, Weirdness & Mutations

You have a beak for a mouth.
You have claws for feet.


Message History

Press: ? - help, Dir - move target cursor, f - you, p - ogre
Okay, then.
Attack whom?
Press: ? - help, Dir - move target cursor, f/p - ogre
Aim: an ogre, wielding a +0 giant spiked club (lightly wounded)
You reach to attack!
You hit the ogre but do no damage.
The ogre is lightly wounded.
Attack whom?
Press: ? - help, Dir - move target cursor, f/p - ogre
Aim: an ogre, wielding a +0 giant spiked club (lightly wounded)
You reach to attack!
You hit the ogre.
The ogre is moderately wounded.
You hit the ogre. Your kick misses the ogre. You peck the ogre.
The ogre is heavily wounded.
The ogre hits you with a +0 giant spiked club!
You hit the ogre but do no damage. You claw the ogre.
The ogre is heavily wounded.
The ogre hits you with a +0 giant spiked club!!
Ouch! That really hurt!
You die...

#<#.........#P.^^^##.###....
###.........#P..PP##.# #####
#.........#^._^P##.# #..'
#.........#..P.P##.####.##
#.........#.P..P##.#......
#.........###.####.#......
###.......# #P.# #.#......
#....##.###..# #.#######
#....##@##.#####.#......
#....##O###.##..........
#....##.# #.............
#....##.# #.........O...
#....##.# #.............
#....##.# #............. #.#
######'#...... #.# #.#######
#.# #.#


You could see an ogre.

Vanquished Creatures
  A jelly (D:4)
  2 adders
  An adder skeleton (D:4)
  5 worms
  A dart slug (D:1)
  2 leopard geckos (D:2)
  An orc (D:4)
  6 bats
  A giant cockroach (D:2)
  5 hobgoblins
  4 frilled lizards
  4 goblins
  4 kobolds
  13 rats
50 creatures vanquished.

Notes
Turn   | Place    | Note
-------+----------+-------------------------------------------
     0 | D:1      | Mrkan the Tengu Monk began the quest for the Orb.
     0 | D:1      | Reached XP level 1. HP: 14/14 MP: 2/2
    91 | D:1      | Reached XP level 2. HP: 17/19 MP: 3/3
   441 | D:2      | Found an ancient bone altar of Kikubaaqudgha.
   455 | D:2      | Reached XP level 3. HP: 23/23 MP: 4/4
   708 | D:2      | Found a bloodstained altar of Trog.
   738 | D:2      | Became a worshipper of Trog the Wrathful
   738 | D:2      | Reached * piety under Trog
   738 | D:2      | Reached ** piety under Trog
  1345 | D:3      | Reached XP level 4. HP: 28/28 MP: 5/5
  1573 | D:3      | Found a shadowy altar of Dithmenos.
  1941 | D:4      | Found a sacrificial altar of Ru.
  2038 | D:4      | Noticed an ogre
  2098 | D:4      | Mangled by an ogre

Skill      XL: |  1  2  3  4 |
---------------+-------------+-----
Polearms       | 4 |  4.9
Dodging        | 4 |  4.0
Fighting       | |  3.7
Stealth        | |  2.0

Action                   |  1- 3 |  4- 6 || total
-------------------------+-------+-------++-------
Melee: Spear             |    96 |    42 ||   138
       Kick              |    28 |    12 ||    40
       Peck              |    13 |    12 ||    25
 Stab: Sleeping          |     2 |       ||     2
  Eat: Chunk             |     1 |       ||     1
       Ration            |       |     1 ||     1
Armor: Robe              |     5 |       ||     5
       Plate armour      |    28 |    15 ||    43
Dodge: Dodged            |    44 |     4 ||    48
